 Dungeon Crawl Stone Soup version 0.28.0-53-g5a82cb258f (console) character file.

Game seed: 115340377188065246

707 Hector the Ducker (level 8, -12/58 HPs)
             Began as a Djinni Hedge Wizard on Oct 19, 2022.
             Was a Believer of Trog.
             Mangled by an ogre
             ... wielding a +0 giant club
              (19 damage)
             ... on level 5 of the Dungeon.
             The game lasted 00:09:58 (4831 turns).

Hector the Ducker (Djinni Hedge Wizard)             Turns: 4831, Time: 00:09:59

Health: -12/58     AC: 15    Str:  9    XL:     8   Next: 0%
Gold:   142        EV:  9    Int: 17    God:    Trog [**....] SH:  5 Dex: 14

rFire   + + .      SeeInvis .   m - +1 trident (vorpal)
rCold   . . .      Faith    .   i - +0 buckler
rNeg    . . .      Spirit   .   p - +7 Kryia's mail coat {PotionHeal*2 rC+}
rPois   ∞          Reflect  .   c - +0 hat
rElec   .          Harm     .   (no cloak)
rCorr   .          Rampage  .   l - +0 pair of gloves
Will    .....                   (boots unavailable)
Stlth   ..........              (no amulet)
HPRegen 0.19/turn               (no ring)
MPRegen 0.00/turn               (no ring)

@: flying
A: sickness immunity, fire resistance 2, cold vulnerability 1, float, innate
caster, HP casting, extra vitality 1
a: Renounce Religion, Berserk, Trog's Hand


You were on level 5 of the Dungeon.
You worshipped Trog.
Trog was pleased with you.
You visited 1 branch of the dungeon, and saw 5 of its levels.

You collected 142 gold pieces.

Inventory:

Hand Weapons
 a - a +0 dagger
 e - a +0 dagger of venom
 m - a +1 vorpal trident (weapon)
 w - a +2 dagger of venom
Missiles
 d - 120 stones
 j - 14 poisoned darts
 s - 3 silver javelins
 A - 6 boomerangs
Armour
 b - a +0 robe
 c - a +0 hat (worn)
 i - a +0 buckler (worn)
 k - a +1 chain mail of poison resistance
 l - a +0 pair of gloves (worn)
 p - the +7 Kryia's mail coat (worn) {PotionHeal*2 rC+}
   (You found it on level 3 of the Dungeon)

   Potions are twice as effective at healing its wearer.
   rC:        It protects you from cold.
Wands
 q - a wand of flame (10)
 y - a wand of digging (4)
Scrolls
 h - 2 scrolls of blinking {unknown}
 n - 8 scrolls of identify {unknown}
 t - a scroll of immolation {unknown}
 v - a scroll of fear {unknown}
 x - 2 scrolls of amnesia {unknown}
Potions
 f - 2 potions of might {unknown}
 g - a potion of mutation {unknown}
 o - a potion of brilliance {unknown}
 r - 2 potions of lignification {unknown}
 u - 2 potions of curing {unknown}
 z - 2 potions of ambrosia {unknown}


   Skills:
 * Level 3.8 Fighting
 * Level 4.2 Armour
 * Level 4.3 Dodging
 - Level 1.5 Stealth
 * Level 3.1 Shields
 - Level 3.0 Spellcasting


You couldn't memorise any spells.
You knew the following spells:

 Your Spells              Type           Power      Damage    Failure   Level
a - Static Discharge      Conj/Air       13%        N/A       56%         2
b - Freeze                Ice            52%        1d7       41%         1
c - Mephitic Cloud        Conj/Pois/Air  13%        N/A       80%         3
d - Slow                  Hex            52%        N/A       41%         1
e - Teleport Other        Tloc           13%        N/A       80%         3
f - Conjure Flame         Conj/Fire      13%        6-21      80%         3
i - Call Imp              Summ           13%        N/A       56%         2
m - Magic Dart            Conj           52%        1d5       41%         1
B - Blink                 Tloc           26%        N/A       56%         2
Your spell library was empty.

Dungeon Overview and Level Annotations

Branches:
Dungeon (5/15)             Temple (0/1) D:4

Altars:
Trog

Shops:
D:5 !


Innate Abilities, Weirdness & Mutations

You are immune to sickness and miasma.
You are immune to poison.
Your flesh is very heat resistant. (rF++)
You are vulnerable to cold. (rC-)
You float through the air rather than walking.
You learn spells naturally, not from books.
Your magical power is your life essence.
You have superior vitality. (+4 MHP)


Message History

The hound is almost dead.
The ogre shouts!
The hound bites you but does no damage. x2
You puncture the hound!
You kill the hound!
Trog accepts your kill.
You have reached level 8!
You feel agile.
You reach to attack!
You hit the ogre.
The ogre is lightly wounded.
You completely miss the ogre.
The ogre is lightly wounded.
The ogre hits you with a +0 giant club!
You hit the ogre.
The ogre is moderately wounded.
You block the ogre's attack.
You hit the ogre but do no damage.
The ogre is moderately wounded.
The ogre hits you with a +0 giant club!
You are too injured to fight recklessly!
You are too injured to fight recklessly!
You are too injured to fight recklessly!
You are too injured to fight recklessly!
You barely miss the ogre.
The ogre is moderately wounded.
The ogre closely misses you.
You hit the ogre.
The ogre is heavily wounded.
The ogre hits you with a +0 giant club!!
* * * LOW HITPOINT WARNING * * *
You hit the ogre.
The ogre is severely wounded.
You block the ogre's attack.
You closely miss the ogre.
The ogre is severely wounded.
The ogre hits you but does no damage.
You puncture the ogre!
The ogre is almost dead.
The ogre hits you with a +0 giant club!!
You die...

.....................
.>......
##########.#.......#..
........ ........#.#.#
........
#...##..##...####........
#.#.. ..#..............h.
.. .###.#...............<
## ####.#........#.......
#..#........##.....#
####.#@O....... ######
#.......∩......
#...<†#....?...
#...########### ####


You could see an ogre.

Vanquished Creatures
  A sky beast (D:4)
  An ogre (D:4)
  A phantom (D:4)
  A scorpion (D:4)
  3 hounds
  2 orc priests (D:3)
  2 iguanas (D:5)
  Ijyb (D:3)
  An orc wizard (D:2)
  A hound skeleton (D:4)
  3 adders
  An ufetubus (D:5)
  3 worms
  3 dart slugs
  9 orcs
  11 endoplasms
  A giant cockroach (D:1)
  6 hobgoblins
  7 kobolds
  6 quokkas
  10 ball pythons
  2 bats (D:3)
  A frilled lizard (D:1)
  8 goblins
  5 rats
90 creatures vanquished.

Notes
Turn   | Place    | Note
-------+----------+-------------------------------------------
     0 | D:1      | Hector the Djinni Hedge Wizard began the quest for the Orb.
     0 | D:1      | Reached XP level 1. HP: 15/15 MP: 0/0
   282 | D:1      | Reached XP level 2. HP: 20/22 MP: 0/0
   903 | D:1      | Reached XP level 3. HP: 23/26 MP: 0/0
   903 | D:1      | Learned a level 1 spell: Freeze
  1055 | D:1      | Reached skill level 1 in Fighting
  1388 | D:1      | Found a faded altar of an unknown god.
  1528 | D:1      | Prayed at the altar of an unknown god.
  1528 | D:1      | Became a worshipper of Trog the Wrathful
  1528 | D:1      | Reached * piety under Trog
  1637 | D:2      | Reached skill level 1 in Shields
  1637 | D:2      | Reached XP level 4. HP: 32/32 MP: 0/0
  2555 | D:3      | Reached XP level 5. HP: 38/38 MP: 0/0
  2555 | D:3      | Learned a level 2 spell: Static Discharge
  2565 | D:3      | Reached skill level 1 in Armour
  3092 | D:3      | Found the +7 Kryia's mail coat {PotionHeal*2 rC+}
  3459 | D:4      | Noticed Ijyb
  3494 | D:3      | Killed Ijyb
  3495 | D:3      | Reached XP level 6. HP: 29/45 MP: 0/0
  3641 | D:4      | Found a staircase to the Ecumenical Temple.
  3720 | D:4      | Noticed an ogre
  3730 | D:5      | Entered Level 5 of the Dungeon
  3953 | D:4      | Killed an ogre
  3958 | D:4      | Reached XP level 7. HP: 50/50 MP: 0/0
  3958 | D:4      | Learned a level 3 spell: Teleport Other
  4022 | D:4      | Reached ** piety under Trog
  4806 | D:5      | Found Mieckops's Distillery.
  4820 | D:5      | Reached XP level 8. HP: 53/58 MP: 0/0
  4831 | D:5      | Mangled by an ogre

Illustrated notes

Levels and vault maps discovered:
D:1:      erik_arrival_orb_chamber, layout_rooms,
          hellmonk_ecumenical_altar_arch_garden
D:2:      layout_basic, serial_rivers, chequers_serial_rivers_small_3,
          chequers_serial_rivers_micro_b, chequers_serial_rivers_room_a,
          chequers_serial_rivers_small_3, chequers_serial_rivers_room_a
D:3:      layout_basic
D:4:      layout_basic, minmay_temple_entry_statues_pillars,
          minmay_misc_feat_five, minmay_fractal_squares_5, uniq_ijyb
D:5:      layout_rooms, makhleb_heckhound_becter, serial_shops, shop,
          uniq_edmund

Skill      XL: |  1  2  3  4  5  6  7 |
---------------+----------------------+-----
Fighting       | 1 2 3 |  3.8
Spellcasting   | 3 |  3.0
Shields        | 1 2 3 |  3.1
Dodging        | 3 4 |  4.3
Armour         | 1 3 4 |  4.2
Stealth        | |  1.5

Action                   |  1- 3 |  4- 6 |  7- 9 || total
-------------------------+-------+-------+-------++-------
Melee: Dagger            |    16 |    10 |       ||    26
       Trident           |       |   124 |    71 ||   195
 Cast: Magic Dart        |    72 |       |       ||    72
Invok: Berserk           |     1 |     3 |     2 ||     6
Armor: Robe              |     3 |       |       ||     3
       Chain mail        |       |    22 |       ||    22
       Scale mail        |       |    37 |    49 ||    86
Dodge: Dodged            |    10 |    40 |    28 ||    78
Block: Buckler           |     1 |    16 |    15 ||    32
